 Dungeon Crawl Stone Soup version 0.27.1-3-gb3d3a73c9e (webtiles) character file.

Game seed: 18126132896998279687

38 cdecastro the Poker (level 3, -7/27 HPs)
             Began as a Demonspawn Gladiator on Oct 15, 2021.
             Killed by nerve-wracking pain
             ... invoked by Jessica
              (11 damage)
             ... on level 2 of the Dungeon.
             The game lasted 00:01:54 (1426 turns).

cdecastro the Poker (Demonspawn Gladiator)          Turns: 1426, Time: 00:01:55

Health: -7/27      AC:  9    Str: 15    XL:     3   Next: 25%
Magic:  3/3        EV:  7    Int:  9    God:
Gold:   62         SH:  4    Dex: 14    Spells: 2/2 levels left

rFire    . . .     SeeInvis .   a - +0 trident
rCold    . . .     Faith    .   (no shield)
rNeg     . . .     Spirit   .   f - +0 chain mail
rPois    .         Reflect  .   c - +0 helmet
rElec    .         Harm     .   (no cloak)
rCorr    .         Rampage  .   (no gloves)
Will     .....                  (no boots)
Stlth    ..........             (no amulet)
HPRegen  0.09/turn              (no ring)
MPRegen  0.08/turn              (no ring)

@: no status effects
A: talons 1, condensation shield
a: no special abilities


You were on level 2 of the Dungeon.
You visited 1 branch of the dungeon, and saw 2 of its levels.

You collected 62 gold pieces.

Inventory:

Hand Weapons
 a - a +0 trident (weapon)
Missiles
 d - 3 throwing nets (quivered)
 g - 39 stones
 h - 10 arrows
 i - 13 poisoned darts
Armour
 c - a +0 helmet (worn)
 f - a +0 chain mail (worn)
Scrolls
 b - a scroll of identify {unknown}
 e - a scroll of enchant armour {unknown}


   Skills:
 - Level 2.0 Fighting
 + Level 4.0 Polearms
 - Level 1.7 Throwing
 - Level 2.6 Dodging


You had 2 spell levels left.
You didn't know any spells.
Your spell library was empty.

Dungeon Overview and Level Annotations

Branches:
Dungeon (2/15)

Altars:

Annotations:
D:2 1 runed translucent door, Crazy Yiuf, Jessica


Innate Abilities, Weirdness & Mutations

You have sharp toenails.
A meltable shield of frost defends you. (SH +4)


Message History

Increase (S)trength, (I)ntelligence, or (D)exterity?
You feel stronger.
Your demonic ancestry asserts itself...
Your toenails lengthen and sharpen.
Your chain mail prevents you from hitting the endoplasm.
You claw the endoplasm.
The endoplasm is lightly wounded.
The endoplasm barely misses you.
You puncture the endoplasm!
You kill the endoplasm!
You hit the kobold.
You kill the kobold!
The worm bites you but does no damage.
Things that are here:
a +0 short sword; a +0 club; a kobold corpse You puncture the worm!
You kill the worm!
Your chain mail prevents you from hitting the dart slug.
The dart slug barely misses you.
You hit the dart slug but do no damage. You claw the dart slug.
The dart slug is heavily wounded.
Jessica the Apprentice Sorceress comes into view.
She is wielding a +0 dagger.
Jessica shouts!
You puncture the dart slug!
You kill the dart slug!
Jessica gestures at you while chanting. Pain shoots through your body!
* * * LOW HITPOINT WARNING * * *
Your Polearms skill increases to level 4!
You aren't carrying any potions.
Unknown command.
Jessica hits you with a +0 dagger.
* * * LOW HITPOINT WARNING * * *
You see here a worm corpse.
You puncture Jessica!
Jessica is severely wounded.
Jessica gestures wildly while chanting.
Jessica blinks!
Jessica gestures at you while chanting. Pain shoots through your body!
You die...

##### ...#
#######.#######
.........†)...#
.######@#####.#
#......#####.##########
.......@.................
#.#.................#####
#......##########.#
........# #.#####
.#.#..##.# #>##... ......
#.# #.##.## .##.## .#
#.##.#


You could see Jessica.

Vanquished Creatures
  A worm (D:2)
  2 dart slugs
  4 bats (D:1)
  4 endoplasms
  A giant cockroach (D:1)
  3 goblins
  2 hobgoblins (D:1)
  4 ball pythons
  3 frilled lizards (D:1)
  5 kobolds
29 creatures vanquished.

Notes
Turn   | Place    | Note
-------+----------+-------------------------------------------
     0 | D:1      | cdecastro the Demonspawn Gladiator began the quest for the
                  | Orb.
     0 | D:1      | Reached XP level 1. HP: 16/16 MP: 1/1
   112 | D:1      | Reached skill level 3 in Polearms
   150 | D:1      | Gained mutation: A meltable shield of frost defends you.
                  | (SH +4) [demonic ancestry]
   150 | D:1      | Reached XP level 2. HP: 22/22 MP: 2/2
  1240 | D:2      | Found a runed translucent door.
  1241 | D:2      | Noticed Crazy Yiuf
  1414 | D:2      | Gained mutation: You have sharp toenails. [demonic
                  | ancestry]
  1414 | D:2      | Reached XP level 3. HP: 18/27 MP: 3/3
  1420 | D:2      | Noticed Jessica
  1422 | D:2      | Reached skill level 4 in Polearms
  1426 | D:2      | Killed from afar by Jessica

Illustrated notes

Levels and vault maps discovered:
D:1:      dpeg_arrival_boxorama, layout_loops_ring
D:2:      minmay_angry_zag, layout_loops_ring, serial_glass, glass_columns_a,
          glass_columns_c, uniq_crazy_yiuf_cottage, uniq_jessica

Skill      XL: |  1  2  3 |
---------------+----------+-----
Polearms       | 3 4 |  4.0
Fighting       | |  2.0
Throwing       | |  1.7
Dodging        | |  2.6

Action                   || total
-------------------------++-------
Melee: Trident           ||    87
       Kick              ||     2
 Stab: Sleeping          ||     4
Armor: Leather armour    ||    16
       Chain mail        ||    11
Dodge: Dodged            ||    31
Block: Other             ||     5
